 Dungeon Crawl Stone Soup version 0.24-a0-487-g57318f2ed0 (webtiles) character file.

Game seed: 1140128014575646054

273 Gynju the Ruffian (level 6, -1/50 HPs)
             Began as a Draconian Transmuter on July 11, 2019.
             Slain by Sigmund
             ... wielding a +0 scythe of protection
              (6 damage)
             ... on level 4 of the Dungeon.
             The game lasted 00:08:02 (4360 turns).

Gynju the Ruffian (Draconian Transmuter)            Turns: 4360, Time: 00:08:04

Health: -1/50      AC:  6    Str: 12    XL:     6   Next: 3%
Magic:  0/10       EV: 12    Int: 16    God:
Gold:   164        SH:  0    Dex: 11    Spells: 7/11 levels left

rFire    . . .     SeeInvis .     - Unarmed
rCold    . . .     Gourm    .   (no shield)
rNeg     . . .     Faith    .   (armour unavailable)
rPois    .         Spirit   +   (helmet restricted)
rElec    .         Reflect  .   m - scarf {Spirit}
rCorr    .         Harm     .   (no gloves)
MR       .....                  (no boots)
Stlth    +.........             (no amulet)
HPRegen  0.16/turn              (no ring)
MPRegen  0.12/turn              (no ring)

@: confused
A: unfitting armour, cold-blooded, AC +6
a: no special abilities


You were on level 4 of the Dungeon.
You were not hungry.

You visited 1 branch of the dungeon, and saw 4 of its levels.

You collected 164 gold pieces.

Inventory:

Hand Weapons
 j - a +2 whip of draining
Missiles
 a - 76 arrows
Armour
 m - a scarf of spirit shield (worn)
 o - a +0 shield
Magical Staves
 q - an uncursed staff of energy
Scrolls
 d - 5 scrolls of teleportation {unknown}
 f - a scroll of fog {unknown}
 g - 3 scrolls of identify {unknown}
 i - 2 scrolls of remove curse {unknown}
 k - 2 scrolls of magic mapping {unknown}
 l - 2 scrolls of amnesia {unknown}
 p - a scroll of immolation {unknown}
Potions
 b - 2 potions of flight {unknown}
 e - 7 potions of curing {unknown}
 h - a potion of degeneration {unknown}
 n - a potion of agility {unknown}
 s - 2 potions of brilliance {unknown}
Comestibles
 c - 8 rations
 r - 4 chunks of flesh


   Skills:
 - Level 2.8 Fighting
 - Level 2.7 Dodging
 - Level 0.9 Shields
 - Level 3.8 Unarmed Combat
 + Level 3.2 Spellcasting
 + Level 3.5 Transmutations


You had 7 spell levels left.
You knew the following spells:

 Your Spells              Type           Power        Failure   Level  Hunger
a - Beastly Appendage     Tmut           ##....       4%          1    None
b - Spider Form           Tmut/Pois      #.........   26%         3    ###....

Your spell library contained the following spells:

 Spells                   Type           Power        Failure   Level  Hunger
 Sticks to Snakes         Tmut           ##......     6%          2    ##.....
 Animate Skeleton         Necr           N/A          19%         1    None
 Apportation              Tloc           #.....       19%         1    None
 Confusing Touch          Hex            #.....       19%         1    None
 Summon Small Mammal      Summ           #...         19%         1    None
 Ice Form                 Ice/Tmut       #.......     65%         4    ####...
 Blade Hands              Tmut           ##........   75%         5    ######.
 Haunt                    Necr/Summ      #.........   100%        7    #######
 Borgnjor's Revivificati  Necr           #.........   100%        8    #######
 Death's Door             Chrm/Necr      #.........   100%        8    #######
 Infestation              Necr           #.........   100%        8    #######
 Necromutation            Tmut/Necr      #.........   100%        8    #######


Dungeon Overview and Level Annotations

Branches:
Dungeon (4/15)
 Temple: D:4-7

Altars:
Cheibriados
Elyvilon
Trog
Uskayaw

Annotations:
D:4 Sigmund


Innate Abilities, Weirdness & Mutations

Your plain brown scales are hard. (AC +6)
You cannot fit into any form of body armour.
You are cold-blooded and may be slowed by cold attacks.


Message History

You closely miss something. Something hits you.
* * * LOW HITPOINT WARNING * * *
You bump into the rock wall.
The orc throws a boomerang.
The boomerang hits you.
* * * LOW HITPOINT WARNING * * *
The weapon returns to the orc!
The orc throws a boomerang.
The boomerang misses you.
The weapon returns to the orc!
A magic dart appears from out of thin air!
The magic dart hits you.
* * * LOW HITPOINT WARNING * * *
You bump into the rock wall.
Your transformation has ended.
Your scarf of spirit shield unmelds from your body.
You feel spirits watching over you. Something hits you.
* * * LOW HITPOINT WARNING * * *
The orc throws a boomerang.
The boomerang barely misses you.
The weapon returns to the orc!
You bump into the rock wall.
Something hits you!
You die...

#.. .. ### #.#
....########.###.#
#.....÷.....##.##### #
#.###.####.........#.#
##...#######.###.#.#
#.....# #.......#
##...## ###...###
##@## #...# #†# ##.##
#{# #.# #o# #.# ...
#.# ...?. ###.#
....... ##.#.###
.........####......##
+.>.......+...........


You could see an orc.

Vanquished Creatures
  A howler monkey (D:4)
  An orc priest (D:3)
  Crazy Yiuf (D:3)
  A worker ant (D:4)
  8 adders
  A worm (D:2)
  A dart slug (D:2)
  3 leopard geckos (D:2)
  3 orcs (D:3)
  6 bats
  5 giant cockroaches
  9 goblins
  5 hobgoblins
  5 jackals
  9 kobolds
  2 quokkas
  3 ball pythons
  7 frilled lizards
  A jackal skeleton (D:4)
  7 rats
79 creatures vanquished.

Vanquished Creatures (others)
  A quokka (D:2)
1 creature vanquished.

Grand Total: 80 creatures vanquished

Notes
Turn   | Place    | Note
-------+----------+-------------------------------------------
     0 | D:1      | Gynju the Draconian Transmuter began the quest for the Orb.
     0 | D:1      | Reached XP level 1. HP: 16/16 MP: 3/3
   353 | D:1      | Reached XP level 2. HP: 6/23 MP: 5/5
  1422 | D:2      | Reached XP level 3. HP: 20/29 MP: 4/6
  1877 | D:2      | Found a white marble altar of Elyvilon.
  1896 | D:2      | Reached XP level 4. HP: 36/36 MP: 5/7
  2109 | D:2      | Noticed a +0 dagger
  2111 | D:2      | Found a hide-covered altar of Uskayaw.
  2111 | D:2      | Noticed a +0 hand axe
  2371 | D:2      | Found a snail-covered altar of Cheibriados.
  3204 | D:3      | Reached XP level 5. HP: 42/42 MP: 4/9
  3375 | D:3      | Found a runed translucent door.
  3376 | D:3      | Noticed Crazy Yiuf
  3389 | D:3      | Killed Crazy Yiuf
  4128 | D:3      | Found a bloodstained altar of Trog.
  4190 | D:4      | Learned a level 3 spell: Spider Form
  4334 | D:4      | Noticed Sigmund
  4345 | D:4      | Reached XP level 6. HP: 45/50 MP: 6/10
  4360 | D:4      | Slain by Sigmund

Levels and vault maps discovered:
D:1:      dpeg_arrival_chase, layout_basic
D:2:      layout_rooms, kennysheep_slug_shrine, elyvilon_altar_4,
          dancing_weapons_uskayaw, hangedman_decor_points
D:3:      layout_loops_ring, lightli_temple_of_fire, first_ration,
          serial_bayou_ford_a, uniq_crazy_yiuf_cottage
D:4:      layout_loops_corners, nemelex_xobeh_ov_fountains_minmay, uniq_sigmund,
          uniq_menkaure

Skill      XL: |  1  2  3  4  5 |
---------------+----------------+-----
Dodging        | 2 |  2.7
Fighting       | 2 |  2.8
Transmutations | 3 |  3.5
Spellcasting   | 3 |  3.2
Shields        | |  0.9
Unarmed Combat | |  3.8

Action                   |  1- 3 |  4- 6 || total
-------------------------+-------+-------++-------
Melee: Unarmed           |   121 |   174 ||   295
       Headbutt          |     4 |     9 ||    13
       Tailslap          |    11 |    20 ||    31
       Punch             |     3 |     2 ||     5
       Kick              |     7 |    14 ||    21
       Staff             |       |    30 ||    30
       Whip              |       |     5 ||     5
 Cast: Beastly Appendage |    19 |    32 ||    51
       Spider Form       |       |     1 ||     1
 Stab: Sleeping          |     1 |       ||     1
  Eat: Chunk             |     3 |     6 ||     9
       Ration            |       |     1 ||     1
Armor: Skin              |    43 |    69 ||   112
Dodge: Dodged            |    86 |   148 ||   234
Block: Shield            |       |     8 ||     8

Table legend:
 A = Non-vault XP
 B = Vault XP
 C = Vault XP percentage of total XP
 D = Non-vault monster count
 E = Vault monster count
 F = Vault count percentage of total count
                 A         B        C        D         E       F
            +---------+---------+-------+---------+---------+-------
      Total |     348 |      43 |  11.0 |      77 |       2 |   2.5
            +---------+---------+-------+---------+---------+-------
        D:1 |      30 |       0 |   0.0 |      19 |       0 |   0.0
        D:2 |     117 |       4 |   3.3 |      25 |       1 |   3.8
        D:3 |     111 |      39 |  26.0 |      28 |       1 |   3.4
        D:4 |      90 |       0 |   0.0 |       5 |       0 |   0.0
            +---------+---------+-------+---------+---------+-------
